 Dungeon Crawl Stone Soup version 0.22.0-60-ga52c2fc (webtiles) character file.

2206 shmeve the Nimble (level 9, -5/43 HPs)
             Began as a Felid Berserker on Sept 10, 2018.
             Was an Elder of Trog.
             Slain by a hornet (9 damage)
             ... on level 7 of the Dungeon.
             The game lasted 00:15:11 (7692 turns).

shmeve the Nimble (Felid Berserker)                 Turns: 7692, Time: 00:15:11

Health: -5/43      AC:  2    Str: 16    XL:     9   Next: 12%
Magic:  10/10      EV: 24    Int:  9    God:    Trog [****..]
Gold:   486        SH:  4    Dex: 15    Spells: 8/8 levels left
                                        Lives:  0   Deaths: 2

rFire    + . .     SeeInvis +     - Unarmed
rCold    . . .     Gourm    .   (shield unavailable)
rNeg     . . .     Faith    .   (armour unavailable)
rPois    .         Spirit   .   (helmet unavailable)
rElec    .         Reflect  +   (cloak unavailable)
rCorr    .         Harm     .   (gloves unavailable)
MR       ++...                  (boots unavailable)
Stlth    +++++.....             v - +4 amulet of reflection
HPRegen  0.14/turn              d - ring of protection from magic
MPRegen  0.12/turn              w - ring of protection from fire

@: lethally poisoned (-5 -> -15), slowed, slow
A: very small, no armour, no weapons or thrown items, stealth, claws 1, fangs 3,
see invisible, carnivore, speed 1, shaggy fur 2, slow metabolism 1, sharp paws
a: Berserk, Trog's Hand, Brothers in Arms, Renounce Religion


You were on level 7 of the Dungeon.
You worshipped Trog.
Trog was greatly pleased with you.
You were completely stuffed.

You visited 1 branch of the dungeon, and saw 7 of its levels.
You also visited: Ossuary.

You collected 486 gold pieces.

Inventory:

Jewellery
 d - a ring of protection from magic (left paw)
 u - an uncursed ring of protection from magic
 v - a +4 amulet of reflection (around neck)
 w - a ring of protection from fire (right paw)
Wands
 i - a wand of iceblast (4)
 x - a wand of digging (16)
 A - a wand of flame (16)
Scrolls
 b - 2 scrolls of amnesia {unknown}
 e - 2 scrolls of fog {unknown}
 f - 5 scrolls of remove curse {unknown}
 g - a scroll of enchant weapon {unknown}
 k - 2 scrolls of magic mapping {unknown}
 l - 5 scrolls of enchant armour {unknown}
 m - 2 scrolls of identify {unknown}
 o - 3 scrolls of teleportation {unknown}
 y - a scroll of fear {unknown}
Potions
 c - 4 potions of ambrosia {unknown}
 h - 5 potions of lignification {unknown}
 j - 2 potions of might {unknown}
 n - 2 potions of degeneration {unknown}
 p - 6 potions of curing
 q - a potion of heal wounds {unknown}
 r - a potion of berserk rage {unknown}
 s - a potion of flight {unknown}
 t - a potion of mutation {unknown}
 z - a potion of magic {unknown}
 B - 2 potions of haste {unknown}
Comestibles
 a - 10 rations


   Skills:
 * Level 7.4 Fighting
 * Level 9.5 Dodging
 * Level 9.4 Stealth
 * Level 7.3 Unarmed Combat


You had 8 spell levels left.
You didn't know any spells.
Your spell library was empty.

Dungeon Overview and Level Annotations

Branches:
Dungeon (7/15)             Temple (0/1) D:5

Altars:
Kikubaaqudgha
Nemelex Xobeh
Qazlal


Innate Abilities, Weirdness & Mutations

You cannot wear armour.
You are incapable of wielding weapons or throwing items.
Your paws allow you to move quietly. (Stealth)
You have sharp claws.
You have razor-sharp teeth.
You have supernaturally acute eyesight. (SInv)
You are carnivorous and can eat meat at any time.
You cover ground quickly.
You are covered in thick fur. (AC +2)
You have a slow metabolism.
Your sharp claws are effective at attacking unaware monsters.


Message History

The hornet misses you. The hornet stings you!
You are more poisoned.
You feel yourself slow down.
You closely miss the hornet.
You feel sick. The hornet barely misses you. You block the hornet's attack.
You scratch the hornet.
The hornet is lightly wounded.
You feel yourself speed up.
You feel sick. The hornet closely misses you. You block the hornet's attack.
The hornet misses you.
You barely miss the hornet.
The hornet is lightly wounded.
You feel sick. The hornet stings you!
* * * LOW HITPOINT WARNING * * *
You feel yourself slow down.
You closely miss the hornet.
The hornet is lightly wounded.
* * * LOW HITPOINT WARNING * * *
You feel sick. The hornet stings you!
You die...

.# ##+# #.# ##...#
#.### ##.....## #...
#.......## ##.##
.........####...#####
.........'...........
.........####...####
#.....y@######.####
##.....## #)......#
##...# #.#####.# #...
:.# #.# #.. #.# #.#
.. #.. #.# #.#
..##..####.#.#####.#
..........#.......#
#........####.####


You could see a hornet.

Vanquished Creatures
  Joseph (D:7)
  The ghost of mirrorencyclopedia the Skirmisher, an amateur DsBe of Trog (D:4)
  Grinder (D:3)
  Sigmund (D:5)
  Duvessa (D:5)
  2 centaurs
  3 ogres
  A phantom (D:5)
  A bullfrog (D:7)
  A water moccasin zombie (D:5)
  Dowan (D:5)
  4 scorpions
  4 killer bees (D:7)
  A howler monkey (D:4)
  2 crimson imps
  2 bullfrog zombies
  A jelly (D:7)
  An orc priest (D:4)
  2 hounds
  4 orc wizards
  Terence (D:3)
  3 iguanas
  4 worker ants
  A big kobold zombie (Ossuary)
  9 mummies
  Robin (D:2)
  12 adders
  4 gnolls (D:4)
  2 howler monkey skeletons (D:5)
  2 oozes (D:3)
  2 worms
  A dart slug (D:4)
  A leopard gecko (D:6)
  22 orcs
  10 bats
  8 giant cockroaches
  A gnoll zombie (Ossuary)
  19 goblins
  8 hobgoblins
  3 jackals (D:5)
  A kobold (D:1)
  2 quokkas
  A ball python (D:2)
  8 frilled lizards
  3 kobold zombies (Ossuary)
  3 orc zombies (Ossuary)
  A quokka skeleton (D:5)
  8 rats
176 creatures vanquished.

Notes
Turn   | Place    | Note
-------+----------+-------------------------------------------
     0 | D:1      | shmeve the Felid Berserker began the quest for the Orb.
     0 | D:1      | Reached XP level 1. HP: 10/10 MP: 2/2
   221 | D:1      | Reached skill level 1 in Stealth
   243 | D:1      | Reached XP level 2. HP: 14/14 MP: 3/3
  1321 | D:2      | Reached XP level 3. HP: 17/17 MP: 4/4
  1329 | D:2      | Reached ** piety under Trog
  1375 | D:2      | Noticed Robin
  1394 | D:2      | Killed Robin
  1401 | D:2      | Reached XP level 4. HP: 5/21 MP: 5/5
  1407 | D:2      | HP: 1/31 [poisoned by an adder]
  1411 | D:2      | Succumbed to an adder's poison
  1412 | D:2      | Reached XP level 3. HP: 0/17 MP: 4/4
  2031 | D:3      | Reached XP level 4. HP: 22/22 MP: 5/5
  2044 | D:3      | Reached skill level 5 in Dodging
  2277 | D:3      | Noticed Grinder
  2286 | D:3      | Killed Grinder
  2286 | D:3      | Reached XP level 5. HP: 6/25 MP: 6/6
  2286 | D:3      | Gained mutation: You are covered in thick fur. (AC +2)
                  | [Felid growth]
  2286 | D:3      | Reached XP level 6. HP: 7/29 MP: 7/7
  2290 | D:3      | Reached *** piety under Trog
  2559 | D:3      | Noticed Terence
  2567 | D:3      | Killed Terence
  3142 | D:4      | Found a transporter.
  3143 | D:4      | Found a transporter.
  3145 | D:4      | Noticed mirrorencyclopedia's ghost (amateur DsBe)
  3159 | D:4      | Killed mirrorencyclopedia's ghost
  3159 | D:4      | Reached skill level 5 in Stealth
  3159 | D:4      | Reached XP level 7. HP: 33/33 MP: 8/8
  3162 | D:4      | Reached skill level 5 in Fighting
  3162 | D:4      | Reached skill level 5 in Unarmed Combat
  3216 | D:4      | Found a sand-covered staircase.
  3325 | Ossuary  | Entered an ossuary
  3952 | D:4      | Reached XP level 8. HP: 37/37 MP: 9/9
  4669 | D:4      | Reached **** piety under Trog
  4976 | D:5      | Entered Level 5 of the Dungeon
  5062 | D:5      | Found a staircase to the Ecumenical Temple.
  5107 | D:5      | Noticed Duvessa
  5107 | D:5      | Noticed Dowan
  5117 | D:5      | Killed Dowan
  5123 | D:5      | Killed Duvessa
  5575 | D:5      | Mangled by an ogre
  5576 | D:5      | Reached XP level 7. HP: -11/34 MP: 8/8
  5997 | D:5      | Noticed Sigmund
  6008 | D:5      | Killed Sigmund
  6008 | D:5      | Reached XP level 8. HP: 39/39 MP: 9/9
  6442 | D:6      | Found an ancient bone altar of Kikubaaqudgha.
  6955 | D:6      | Found a sparkling altar of Nemelex Xobeh.
  7318 | D:7      | Found a stormy altar of Qazlal.
  7333 | D:7      | Noticed Joseph
  7347 | D:7      | Killed Joseph
  7358 | D:7      | Reached XP level 9. HP: 14/43 MP: 10/10
  7692 | D:7      | Slain by a hornet

Skill      XL: |  1  2  3  4  5  6  7  8 |
---------------+-------------------------+-----
Stealth        | 1 3 4 5 8 9 |  9.4
Dodging        | 5 6 7 9 |  9.5
Fighting       | 4 5 7 |  7.4
Unarmed Combat | 4 5 7 |  7.3

Action                   |  1- 3 |  4- 6 |  7- 9 || total
-------------------------+-------+-------+-------++-------
Melee: Unarmed           |   104 |    76 |   336 ||   516
       Bite              |    14 |    13 |    42 ||    69
       Punch             |     1 |     1 |     6 ||     8
Invok: Berserk           |     3 |     3 |     8 ||    14
       Trog's Hand       |     1 |     2 |     4 ||     7
Evoke: Wand              |     3 |       |     2 ||     5
 Stab: Sleeping          |     6 |     4 |     8 ||    18
  Eat: Chunk             |    16 |     5 |    23 ||    44
       Ration            |       |       |     1 ||     1
Armor: Skin              |     4 |     2 |     6 ||    12
Dodge: Dodged            |   127 |    71 |   246 ||   444
Block: Other             |       |       |    33 ||    33
       Reflection        |       |       |     1 ||     1
